Cogmind - Beta 16.1 @@@ ROGUE MODE // 2026.04.12 @ 01:00:41 Player: Null_error Result: Destroyed by Y-45 Defender with Heavy Assault Rifle Performance ------------- Evolutions (1) 500 Regions Visited (2) 400 Robots Destroyed (10) 50 Value Destroyed (201) 201 Prototype IDs (0) 0 Alien Tech Used (0) 0 Bonus (0) 0 TOTAL SCORE: 1151 Bonus ------- None Cogmind --------- Core Integrity 0/400 Matter 260/300 Energy 123/125 System Corruption 0% Temperature Cool (9) Movement Treading (160) Location -9/Materials Parts ------- > --- POWER (1) -------- Light Ion Engine > --- PROPULSION (2) --- Improved Treads > --- UTILITY (4) ------ Medium Storage Unit Signal Interpreter > --- WEAPON (2) ------- (None) > --- INVENTORY (10) --- Flight Unit Small Storage Unit Signal Interpreter Signal Interpreter Mace Peak State ------------ > --- POWER ------------ Ion Engine > --- PROPULSION ------- Wheel Compact Wheel > --- UTILITY ---------- Medium Storage Unit Structural Scanner Signal Interpreter > --- WEAPON ----------- Small Laser Light Assault Rifle > --- INVENTORY -------- Ion Engine Light Ion Engine Light Treads Light Treads Small Storage Unit Signal Interpreter Signal Interpreter [Rating: 8] Favorites ----------- Power Ion Engine Engine Ion Engine Propulsion Wheel Treads Light Treads Wheel Wheel Flight Unit Flight Unit Utility Medium Storage Unit Device Seismic Detector Storage Medium Storage Unit Processor Signal Interpreter Weapon Small Laser Energy Gun Small Laser Ballistic Gun Light Assault Rifle Build | -11 -10 -9 ------- Run | Yrd Mat Mat Slots Evolved 2 | . . 2 Power . | . . . Propulsion . | . . . Utility 2 | . . 2 Weapon . | . . . Parts Attached 21 | 7 2 12 Power 3 | 1 . 2 Engine 3 | 1 . 2 Core . | . . . Reactor . | . . . Propulsion 8 | 2 . 6 Treads 3 | . . 3 Leg . | . . . Wheel 2 | 2 . . Hover . | . . . Flight 3 | . . 3 Utility 5 | 2 2 1 Device 2 | 1 . 1 Storage 2 | 1 1 . Processor 1 | . 1 . Hackware . | . . . Protection . | . . . Artifact . | . . . Weapon 5 | 2 . 3 Energy Gun 3 | 1 . 2 Energy Cannon . | . . . Ballistic Gun 2 | 1 . 1 Ballistic Cannon . | . . . Launcher . | . . . Special Weapon . | . . . Impact Weapon . | . . . Slashing Weapon . | . . . Piercing Weapon . | . . . Special Melee Weapon . | . . . Unidentified Prototypes . | . . . Parts Lost 13 | . . 13 Power 2 | . . 2 Propulsion 5 | . . 5 Utility 1 | . . 1 Weapon 5 | . . 5 Highest Loss Streak 6 | . . 6 To Critical Strikes . | . . . Average Backups 5 | 1 5 7 Power 1 | . 1 1 Propulsion 2 | . 2 2 Utility 2 | . 1 3 Weapon . | . . . Tool/Special . | . . . Unused Backups 2 | . . 2 Power . | . . . Propulsion . | . . . Utility 2 | . . 2 Weapon . | . . . Tool/Special . | . . . Average Slot Usage (%) 83 | . 100 68 Engine 10 | . 14 6 Treads 3 | . . 5 Wheel 18 | . 28 9 Flight 1 | . . 3 Device 8 | . 12 5 Storage 12 | . 14 11 Processor 6 | . 1 11 Energy Gun 11 | . 14 9 Ballistic Gun 10 | . 14 6 Peak Build Rating 8 | 7 7 8 Average Rating 6 | 5 7 6 On Entrance 4 | . 7 7 Avg Prop Armor Cover (%) . | . . . Naked Turns . | . . . Heaviest Build 18 | 13 18 18 Greatest Support 40 | 26 26 40 Greatest Overweight (x) 4 | . . 4 Average Overweight (x) . | . . . Largest Inventory Capacity 10 | 8 10 10 Average Capacity 9 | 7 9 10 Most Carried 9 | 3 8 9 Average Carried 5 | 1 5 7 Final Capacity 10 | 8 10 10 Final Carried 8 | 3 8 5 Class Distribution -------------------- 100% | Mutant Dominant Class ---------------- Mutant | -10/Materials Mutant | -9/Materials Resources | -11 -10 -9 ----------- Run | Yrd Mat Mat Matter Collected 303 | 121 147 35 Remotely . | . . . Salvage Created 338 | 21 147 170 Parts 23 | 3 8 12 Haulers Intercepted 2 | . 2 . Recyclers Shooed . | . . . Parts Field Recycled . | . . . Retrieved Matter . | . . . Parts Self-Destructed . | . . . Prevented . | . . . Parts Restored . | . . . Kills | -11 -10 -9 ------- Run | Yrd Mat Mat Combat Hostiles Destroyed 7 | . 1 6 Guns 7 | . 1 6 Classes Destroyed 5 | 1 2 2 Tunneler 1 | 1 . . Hauler 2 | . 2 . Swarmer 3 | . . 3 Grunt 3 | . 1 2 Sentry 1 | . . 1 Best Kill Streak 3 | 1 2 3 Combat Bots Only 3 | . 1 3 Max Kills in Single Turn 1 | 1 1 1 Gunslinging . | . . . Exploded . | . . . Melee . | . . . Uniques/NPCs Destroyed . | . . . Combat | -11 -10 -9 -------- Run | Yrd Mat Mat Hostile Shots Fired 153 | . . 153 Missed 41 | . . 41 Hits 112 | . . 112 Projectile 112 | . . 112 Critical Strikes 5 | . . 5 Damage Taken 1482 | . . 1482 Core 403 | . . 403 Absorbed by Shields . | . . . Core Remaining (%) 100 | 100 100 . Volleys Fired 33 | 4 11 18 Largest 2 | 2 2 2 Hottest 80 | 60 60 80 Shots Fired 66 | 8 22 36 Gun 66 | 8 22 36 Cannon . | . . . Launcher . | . . . Special . | . . . Kinetic 22 | 4 11 7 Thermal 44 | 4 11 29 Explosive . | . . . Electromagnetic . | . . . Robot Hit Streak 11 | 7 8 11 Robot Miss Streak 4 | . 2 4 Penetration Max . | . . . Secondary Targets 4 | . . 4 Max Gunslinging Chain 1 | . . 1 Shots Hit Robots 46 | 7 16 23 Core Hits 22 | 2 7 13 Critical Kills . | . . . Critical Parts Destroyed . | . . . Critical Strikes . | . . . Melee Attacks . | . . . Impact . | . . . Slashing . | . . . Piercing . | . . . Sneak Attacks . | . . . Combat Hostiles . | . . . Follow-up Attacks . | . . . Damage Inflicted 469 | 65 157 247 Guns 452 | 65 157 230 Cannons . | . . . Explosions . | . . . Melee . | . . . Ramming 17 | . . 17 Kinetic 109 | 19 67 23 Thermal 343 | 46 90 207 Explosive . | . . . Electromagnetic . | . . . Impact . | . . . Slashing . | . . . Piercing . | . . . Highest Corruption 2 | . 2 . Average Corruption 2 | . 2 . Corruption Purged . | . . . Corruption Blocked . | . . . Effects 2 | . 2 . Heat Flow Errors 1 | . 1 . Data Loss (minor) 1 | . 1 . Overload Shots . | . . . Overflow Damage . | . . . Projectiles . | . . . Explosions . | . . . Melee . | . . . Knockbacks 1 | . . 1 Impact 1 | . . 1 Kinetic . | . . . Secondary . | . . . Self-Inflicted Damage 5 | . . 5 Shots . | . . . Rammed 7 | . . 7 Targets Rammed 7 | . . 7 Kicked . | . . . Crushed . | . . . Highest Temperature 151 | 20 151 120 Average Temperature 30 | 15 29 32 Received Heat Transfer 576 | . . 576 Siege Activations . | . . . Martial Activations . | . . . Shielding Activations . | . . . Robots Disrupted . | . . . Combat Hostiles . | . . . Robots Corrupted . | . . . Combat Hostiles . | . . . Parts Fried . | . . . Impact Corruptions . | . . . Robots Melted . | . . . Combat Hostiles . | . . . Parts Melted 4 | . . 4 Heat Transferred 775 | 100 200 475 Parts Sabotaged . | . . . Parts Stolen . | . . . Parts Stripped . | . . . Power Chain Reactions . | . . . Alert | -11 -10 -9 ------- Run | Yrd Mat Mat Maximum Alert Level . | . . . Low Security (%) 100 | 100 100 100 Level 1 . | . . . Level 2 . | . . . Level 3 . | . . . Level 4 . | . . . Level 5 . | . . . High Security . | . . . Max Security . | . . . Peak Influence 120 | 5 27 120 Initial . | . . . Average 23 | . 3 47 Influence Increases 309 | 5 34 270 Destroy 0b10 Robot/C 140 | . 20 120 Destroy 0b10 Robot/NC 15 | 5 10 . Destroy Leader 34 | . 4 30 Lose Combat Pursuer 120 | . . 120 Influence Decreases 249 | 5 34 210 Time Decay 139 | 5 34 100 Lost Part 110 | . . 110 Squads Dispatched 1 | . . 1 Investigation 1 | . . 1 Extermination . | . . . Reinforcement . | . . . Assault . | . . . Garrison . | . . . Intercept . | . . . Searches Triggered . | . . . Construction Impeded . | . . . Haulers Reinforced . | . . . Active Scanning Responses . | . . . Cargo Convoy Interrupts . | . . . Stealth | -11 -10 -9 --------- Run | Yrd Mat Mat Distress Signals . | . . . Communications Jammed . | . . . Distress Signals . | . . . Times Spotted 24 | . 3 21 Peak Tracking Total 10 | . 2 10 Tactical Retreats 4 | . . 4 Traps | -11 -10 -9 ------- Run | Yrd Mat Mat Traps Triggered 2 | . 1 1 Indirectly . | . . . Trap Hack Attempts . | . . . Triggered . | . . . Disarmed . | . . . Reprogrammed . | . . . Reused . | . . . Traps Extracted . | . . . Installed . | . . . Triggered . | . . . Machines | -11 -10 -9 ---------- Run | Yrd Mat Mat Machines Disabled . | . . . Max in Single Turn . | . . . Machines Repaired . | . . . Machines Dismantled . | . . . Machines Sabotaged . | . . . Overloaded Fab Kills . | . . . Hacking | -11 -10 -9 --------- Run | Yrd Mat Mat Machines Accessed 1 | . 1 . Terminals 1 | . 1 . Fabricators . | . . . Repair Stations . | . . . Recycling Units . | . . . Scanalyzers . | . . . Garrison Access . | . . . Total Hacks 1 | . 1 . Successful . | . . . Failed 1 | . 1 . Catastrophic 1 | . 1 . Database Lockouts . | . . . Manual 1 | . 1 . Terminals 1 | . 1 . Fabricators . | . . . Repair Stations . | . . . Recycling Units . | . . . Scanalyzers . | . . . Garrison Access . | . . . Terminal Hacks . | . . . Fabricator Hacks . | . . . Repair Station Hacks . | . . . Recycling Unit Hacks . | . . . Scanalyzer . | . . . Garrison Access Hacks . | . . . Unauthorized Hacks . | . . . Terminals . | . . . Fabricators . | . . . Repair Stations . | . . . Recycling Units . | . . . Scanalyzers . | . . . Garrison Access . | . . . Data Cores Recovered . | . . . Used . | . . . Hacking Detections 1 | . 1 . Full Trace Events . | . . . Feedback Events . | . . . Feedback Blocked . | . . . Robot Schematics Acquired . | . . . Robots Built . | . . . Authchips . | . . . Time . | . . . Total Robot Build Rating . | . . . Part Schematics Acquired . | . . . Parts Built . | . . . Authchips . | . . . Time . | . . . Total Part Build Rating . | . . . Part Studies Acquired . | . . . Parts Repaired . | . . . Time . | . . . Parts Recycled . | . . . Recycled Matter . | . . . Retrieved Matter . | . . . Retrieved Components . | . . . Parts Scanalyzed . | . . . Part Schematics Acquired . | . . . Parts Damaged . | . . . Bothacking | -11 -10 -9 ------------ Run | Yrd Mat Mat Used RIF Installer . | . . . Robots Hacked . | . . . Non-combat . | . . . Combat . | . . . Robot Hacks Applied . | . . . Relay Couplers Released . | . . . Fabnet Peak Effective % . | . . . Robots Rewired . | . . . Allies Hacked . | . . . Hacks Repelled . | . . . Allies | -11 -10 -9 -------- Run | Yrd Mat Mat Total Allies . | . . . Largest Group . | . . . Highest-Rated Group . | . . . Highest-Rated Ally . | . . . Total Orders . | . . . Ally Attacks . | . . . Total Damage . | . . . Kills . | . . . Allies Corrupted . | . . . Allies Melted . | . . . Intel | -11 -10 -9 ------- Run | Yrd Mat Mat Active Infowar (turns) 411 | 8 259 144 Structural 144 | . . 144 Seismic 267 | 8 259 . Robot Analysis Total . | . . . Derelict Logs Recovered . | . . . Drone Launches . | . . . Drone Recoveries . | . . . Exploration | -11 -10 -9 ------------- Run | Yrd Mat Mat Turns Passed 659 | 64 289 306 Spaces Moved 474 | 45 237 192 Core 17 | 4 . 13 Treads 18 | . . 18 Legs . | . . . Wheels 409 | 41 237 131 Hover . | . . . Flight 30 | . . 30 Fastest Speed 50 | 50 90 90 Average Speed 99 | 87 90 113 Slowest Speed 285 | 100 90 285 Overloaded Moves . | . . . Propulsion Burnouts . | . . . Robots Hopped . | . . . Potential Cave-ins . | . . . Cave-ins Triggered . | . . . Exploration Rate (%) 29 | 4 52 31 Regions Visited 2 Branch Regions . Pre-discovered Areas . | . . . Known Exits Taken 1 | . 1 . Unknown Exits Taken 1 | 1 . . Scrap Searched . | . . . Spaces Dug . | . . . Terrain Destroyed . | . . . Melee . | . . . Projectile . | . . . AOE . | . . . Terrain Rammed . | . . . Walls Destroyed . | . . . Machines Disabled . | . . . Actions | -11 -10 -9 --------- Run | Yrd Mat Mat Total 588 | 58 291 239 Wait 46 | . 38 8 Move 472 | 44 236 192 Hop . | . . . Pick Up 9 | 3 4 2 Fast Attach 11 | 7 . 4 Attach 6 | . . 6 Detach . | . . . Swap 4 | . 2 2 Drop . | . . . Fire 33 | 4 11 18 Melee . | . . . Ram 2 | . . 2 Kick . | . . . Crush 5 | . . 5 Escape Stasis . | . . . Rewire . | . . . Trap . | . . . Miscellaneous . | . . . Route ------- -11/Scrapyard -10/Materials (discovered 2 exits: *Mat x2) -9/Materials History --------- Turn | Location | Event 18 | -11/Scrapyard | Discovered new exit (range 16) 65 | -11/Scrapyard | Entered Materials 236 | -10/Materials | Discovered new exit (range 9) 308 | -10/Materials | Build established: Mutant 333 | -10/Materials | Discovered new exit (range 16) 346 | -10/Materials | Identified exit to Materials 354 | -10/Materials | Entered another Materials area 354 | -9/Materials | Evolved 2 slots: Utility x2 549 | -9/Materials | Core integrity fell below 50% 586 | -9/Materials | Lost 6 parts (2n1u3w) 628 | -9/Materials | Core integrity fell below 20% 660 | -9/Materials | Destroyed by Y-45 Defender with Heavy Assault Rifle Last Messages --------------- 00620_ Aluminum Leg melted. 00620_ Heat Sink melted. 00620_ G-34 Mercenary destroyed. 00620_ Switching to secondary target: Y-45 Defender. 00631_ R-06 Scavenger collects Hvy. Assault Rifle. 00635_ R-06 Scavenger collects Heat Sink. 00637_ Lgt. Nuclear Core melted. 00637_ G-47 Trooper destroyed. 00637_ Switching to secondary target: Y-45 Defender. 00637_ Ion Engine destroyed. 00638_ R-06 Scavenger collects Beam Rifle. 00642_ R-06 Scavenger collects Lgt. Treads. 00644_ Slammed into Y-45 Defender. 00645_ Critical hit (Burn: +37). 00645_ Slammed into Y-45 Defender. 00651_ Lgt. Treads destroyed. 00653_ Sml. Laser destroyed. Map ----- +----------------------------------------------------+ | / " " # ##?????# #???????????????????? | | # # ######### ### #???????????????????? | | # | # #########/### #???????????????????? | | # # # # #???????????????????? | | # """ # # "" "" # #???????????????????? | | # """ # # "Y "" # #???????????????????? | | # """ # # "" [ " " # #???????????????????? | | # + + # #???????????????????? | | #### #### # """ # #???????????????????? | | ######### # # #???????????????????? | | ######### ############# #???????????????????? | | ##?????## #### # #???????????????????? | | ##????? ##?# # #???????????????????? | | ????? ##?# # #???????????????????? | | ????? ##?# # #???????????????????? | | ???##! ##?# //[*+%#???????????????????? | | ##????##! ##?#! // %# #???????????????????? | | ##????###! #### * =% # #???????????????????? | | ??????###### ###% # #???????????????????? | | ???????##### #### # #???????????????????? | | ??????????## ########r#### #???????????????????? | | ??????????## #???????????????????? | | ?????????? ####### #???????????????????? | | ???????????????????#####Y## +???????????????????? | | ???????????????????# # #???????????????????? | | ???????????????????# @# #???????????????????? | | ???????????????????# + ????????????????????? | | ???????????????????# # ????????????????????? | | ???????????????????#########+????????????????????? | | ?????????????????????????????????????????????????? | | ?????????????????????????????????????????????????? | | ?????????????????????????????????????????????????? | | ?????????????????????????????????????????????????? | | ?????????????????????????????????????????????????? | | ?????????????????????????????????????????????????? | | | | | | | | | | | | | | | | | | | | | | | | | | | | | | | +----------------------------------------------------+ Best States ------------- Heat Dissipation 28 Energy Generation 10 Energy Capacity 250 Matter Stores 290 Matter Capacity 300 Sight Range 16 Terrain Scan Density 10 Evasion (%) 42 Recoil Reduction 2 Item Schematics ----------------- None Robot Schematics ------------------ None Fabricated ------------ Nothing Repaired ---------- Nothing Studied --------- None Alien Tech Used ----------------- None Achievements -------------- None Challenges ------------ None Game ------ Seed NullDirectedExoskeleton Manual? 0 Play Time 00:09:35 Cumulative 79.8 hours Start 2026.04.12 @ 00:54:26 End 2026.04.12 @ 01:00:41 Sessions 1 Manual Loads 0 Difficulty Rogue Special Mode None Game No. 100 Rogue 100 Adventurer 0 Explorer 0 Win Type - Total 1 Types 1/0/0/0/0/0/0/0/0/0 Lore% 27 Gallery% 45 Achievement% 22 Wizard Run 0 Options --------- Layout 1 ASCII 0 Keyboard 1 Movement Numpad Keybinds 0 Fullscreen 1 Font 24/Smallcaps Map View 50x35 Zoom Use 0% Tactical HUD 1 Map Filters NONE Filters LOW_CONTRAST(5,10,15) Steam 1 RUN: 6bbcfa4b-0b43-4ff6-b4f6-75d6d5b72a15